 Dungeon Crawl Stone Soup version 0.14-a0-1192-g192f278 (webtiles) character file.

131 PolkaDot the Ruinous (level 3, 0/24 HPs)
             Began as a Vampire Conjurer on Nov 30, 2013.
             Slain by an adder (3 damage)
             ... on Level 3 of the Dungeon.
             The game lasted 00:04:07 (1472 turns).

PolkaDot the Ruinous (Vampire Conjurer)             Turns: 1472, Time: 00:04:07

HP   0/24        AC  3     Str  7      XL: 3   Next: 57%
MP   6/6         EV 13     Int 18      God:
Gold 80          SH  0     Dex 18      Spells:  2 memorised,  1 level left

rFire  . . .     SeeInvis +     m - +3,+1 dwarf short sword
rCold  . . .     Clarity  .     a - +0 robe
rNeg   . . .     Conserve .     (no shield)
rPois  .         rCorr    .     (no helmet)
rElec  .         rRot     .     (no cloak)
SustAb . .       Spirit   .     l - +0 pair of gloves
rMut   .         Warding  .     (no boots)
Saprov . . .     Stasis   .     (no amulet)
                                (no ring)
                                b - +4 ring of dexterity

@: regenerating quickly, mildly poisoned, slightly resistant to hostile
enchantments, stealthy
A: fangs 3, see invisible, unbreathing
a: no special abilities


You were on level 3 of the Dungeon.
You were very full.

You visited 1 branch of the dungeon, and saw 3 of its levels.

You collected 80 gold pieces.

Inventory:

Hand weapons
 m - a +3,+1 dwarven short sword (weapon)
Armour
 a - a +0 robe (worn)
 l - a +0 pair of gloves (worn)
Scrolls
 d - a scroll of magic mapping {unknown}
 f - a scroll of immolation {unknown}
 g - a scroll of amnesia {unknown}
 h - a scroll of identify {unknown}
 i - a scroll of noise {unknown}
 j - a scroll of enchant weapon I {unknown}
Jewellery
 b - a +4 ring of dexterity (left hand)
Potions
 e - a potion of curing
 k - a potion of heal wounds {unknown}
Books
 c - a book of Conjurations

   Spells                             Type                      Level
   *Magic Dart                        Conjuration                  1
   *Searing Ray                       Conjuration                  2
   Dazzling Spray                     Conjuration/Hexes            3
   Iskenderun's Mystic Blast          Conjuration                  4
   Iskenderun's Battlesphere          Conjuration/Charms           4
   Fulminant Prism                    Conjuration/Hexes            5


   Skills:
 - Level 2.5 Dodging
 - Level 3.3 Stealth
 - Level 1.1 Spellcasting
 * Level 3.7 Conjurations


You had one spell level left.
You knew the following spells:

 Your Spells              Type           Power        Failure   Level  Hunger
a - Magic Dart            Conj           ##..         4%          1    ##.....
s - Searing Ray           Conj           ##....       8%          2    ###....


Dungeon Overview and Level Annotations

Branches:
Dungeon (3/16)

Altars:

Annotations:
D:2 Sigmund


Innate Abilities, Weirdness & Mutations

Your natural rate of healing is unusually fast.
You have razor-sharp teeth.*
You have supernaturally acute eyesight.
You can survive without breathing.*


Message History

You miss the adder. The adder closely misses you.
You hit the adder. You bite the adder.
The adder is severely wounded.
You feel sick. The adder barely misses you.
You hit the adder.
The adder is almost dead.
You feel sick. The adder closely misses you. The adder bites you.
* * * LOW HITPOINT WARNING * * *
You barely miss the adder.
The adder is almost dead.
The adder closely misses you.
You closely miss the adder.
The adder is almost dead.
* * * LOW HITPOINT WARNING * * *
You feel sick. The adder bites you but does no damage. The adder bites you.
* * * LOW HITPOINT WARNING * * *
You closely miss the adder.
The adder is almost dead.
The adder bites you.
You die...

#.........# #..#
#. #.........#
#..# #.
#........<# #...
#. ####..#####
#...####. #..#
#........ #..#
...####.
#..####### #.
#........#...####.
#@S...............
#).......#...#....
#........ .......
#.###.### ........
#.# .# ###.... #.#
. ...... #.# .....
#.# ##.# #.#


You could see an adder.

Vanquished Creatures
  A worker ant zombie (D:3)
  An adder (D:1)
  2 giant geckos
  A giant cockroach (D:3)
  6 goblins
  8 hobgoblins
  3 ball pythons
  4 bats
  2 giant newts (D:3)
  4 kobolds
  A rat (D:1)
33 creatures vanquished.

Notes
Turn   | Place    | Note
--------------------------------------------------------------
     0 | D:1      | PolkaDot, the Vampire Conjurer, began the quest for the Orb.
     0 | D:1      | Reached XP level 1. HP: 13/13 MP: 4/4
   104 | D:1      | Reached XP level 2. HP: 19/19 MP: 2/5
   572 | D:1      | Learned a level 2 spell: Searing Ray
  1118 | D:2      | Noticed Sigmund
  1294 | D:3      | Reached XP level 3. HP: 24/24 MP: 4/6
  1472 | D:3      | Slain by an adder

Action                   || total
-------------------------++-------
Melee: Short sword       ||    49
 Cast: Magic Dart        ||    38
       Searing Ray       ||     1
  Use: Potion            ||     3
 Stab: Invisible         ||     2
       Sleeping          ||     3
